 Dungeon Crawl Stone Soup version 0.28-a0-1435-g82390b3a13 (webtiles) character file.

Game seed: 4566467658613400224

61 HallandMoats the Skirmisher (level 3, -3/29 HPs)
             Began as a Demonspawn Fighter on Jan 9, 2022.
             Was a Follower of Nemelex Xobeh.
             Slain by a worm (5 damage)
             ... on level 3 of the Dungeon.
             The game lasted 00:01:46 (2124 turns).

HallandMoats the Skirmisher (Demonspawn Fighter)    Turns: 2124, Time: 00:01:46

Health: -3/29      AC:  6    Str: 16    XL:     3   Next: 83%
Magic:  3/3        EV:  9    Int:  9    God:    Nemelex Xobeh [*.....]
Gold:   39         SH:  5    Dex: 14    Spells: 2/2 levels left

rFire   . . .      SeeInvis .   a - +0 war axe
rCold   . . .      Faith    .   c - +0 buckler
rNeg    . . .      Spirit   .   b - +0 scale mail
rPois   .          Reflect  .   (no helmet)
rElec   .          Harm     .   (no cloak)
rCorr   .          Rampage  .   (no gloves)
Will    .....                   (no boots)
Stlth   ..........              (no amulet)
HPRegen 0.09/turn               (no ring)
MPRegen 0.08/turn               (no ring)

@: no status effects
A: claws 1
a: Renounce Religion, Draw Escape, Draw Destruction, Draw Summoning


You were on level 3 of the Dungeon.
You worshipped Nemelex Xobeh.
Nemelex Xobeh was aware of your devotion.
You visited 1 branch of the dungeon, and saw 3 of its levels.

You collected 39 gold pieces.

Inventory:

Hand Weapons
 a - a +0 war axe (weapon)
Armour
 b - a +0 scale mail (worn)
 c - a +0 buckler (worn)
Jewellery
 o - an amulet of magic regeneration
Scrolls
 e - a scroll of amnesia {unknown}
 f - a scroll of teleportation {unknown}
 i - a scroll of blinking {unknown}
 k - 4 scrolls of identify {unknown}
 m - a scroll of enchant armour {unknown}
 q - a scroll of immolation {unknown}
Potions
 d - a potion of might
 g - 2 potions of curing {unknown}
 h - 2 potions of lignification {unknown}
 j - a potion of attraction {unknown}
 l - 2 potions of cancellation {unknown}
 n - a potion of experience {unknown}
 p - a potion of brilliance {unknown}


   Skills:
 * Level 3.6 Fighting
 + Level 2.2 Axes
 + Level 3.0 Armour
 + Level 1.1 Dodging
 + Level 3.0 Shields


You had 2 spell levels left.
You didn't know any spells.
Your spell library contained the following spells:

 Spells                   Type           Power      Damage    Failure   Level
 Slow                     Hex            0%         N/A       88%         1
 Confusing Touch          Hex            0%         N/A       99%         3
 Vampiric Draining        Necr           0%         2d6       99%         3


Dungeon Overview and Level Annotations

Branches:
Dungeon (3/15)

Altars:
Nemelex Xobeh

Shops:
D:3 *


Innate Abilities, Weirdness & Mutations

You have sharp fingernails.


Message History

There is a stone staircase leading down here.
You climb downwards.
There is a stone staircase leading up here.
Found Raushut's Assorted Antiques.
No target in view!
There is a fountain of clear blue water here.
There is an entrance to Raushut's Assorted Antiques here.
A rat comes into view.
You hit the rat.
You kill the rat!
No target in view!
A worm comes into view.
The worm bites you but does no damage. The worm closely misses you.
The worm bites you but does no damage. The worm barely misses you.
The worm bites you! The worm barely misses you. You block the worm's attack.
The worm bites you. The worm bites you. The worm closely misses you.
The worm bites you. The worm barely misses you. You block the worm's attack.
The worm closely misses you. The worm barely misses you.
The worm bites you but does no damage. The worm bites you.
The worm bites you but does no damage. The worm misses you.
The worm barely misses you. The worm bites you.
* * * LOW HITPOINT WARNING * * *
The worm bites you.
* * * LOW HITPOINT WARNING * * *
The worm barely misses you. The worm bites you.
You die...
Your body disappears without a glow.

................#
###########..####
##.# #.# ## #.#
.. #.# .. #.# .#
#.##..###.
#.@w......
####..###. ....
.... ###


You could see a worm.

Vanquished Creatures
  A worm (D:2)
  2 dart slugs
  3 bats (D:1)
  5 endoplasms
  A giant cockroach (D:1)
  3 goblins
  4 hobgoblins
  3 jackals (D:1)
  2 quokkas
  7 ball pythons
  9 frilled lizards
  7 kobolds
  7 rats
54 creatures vanquished.

Notes
Turn   | Place    | Note
-------+----------+-------------------------------------------
     0 | D:1      | HallandMoats the Demonspawn Fighter began the quest for the
                  | Orb.
     0 | D:1      | Reached XP level 1. HP: 18/18 MP: 1/1
   305 | D:1      | Gained mutation: You have sharp fingernails. [demonic
                  | ancestry]
   305 | D:1      | Reached XP level 2. HP: 24/24 MP: 2/2
   836 | D:1      | Reached XP level 3. HP: 29/29 MP: 3/3
  1238 | D:2      | Reached skill level 1 in Dodging
  1761 | D:2      | Found a faded altar of an unknown god.
  1964 | D:2      | Prayed at the altar of an unknown god.
  1964 | D:2      | Became a worshipper of Nemelex Xobeh the Trickster
  1964 | D:2      | Reached * piety under Nemelex Xobeh
  1964 | D:2      | Received a gift from Nemelex Xobeh
  2052 | D:3      | Found Raushut's Assorted Antiques.
  2121 | D:3      | HP: 1/29 [worm (3)]
  2124 | D:3      | Slain by a worm

Illustrated notes

Levels and vault maps discovered:
D:1:      dpeg_arrival_arbitrary_a, layout_loops_ring, minmay_lizard_pond
D:2:      layout_rooms, shapermc_ecumenical_altar_totnotflames,
          grunt_decor_resistance, minmay_tromino_v7
D:3:      layout_loops_corners, grunt_temple_overflow_cloverleaf, serial_shops,
          shop_fountains, guppyfry_early_lair_pool, uniq_robin,
          uniq_crazy_yiuf_cottage, uniq_ijyb

Skill      XL: |  1  2  3 |
---------------+----------+-----
Axes           | 2 |  2.2
Armour         | 3 |  3.0
Dodging        | 1 |  1.1
Shields        | 3 |  3.0
Fighting       | |  3.6

Action                   || total
-------------------------++-------
Melee: War axe           ||   131
Armor: Scale mail        ||    79
Dodge: Dodged            ||    89
Block: Buckler           ||    41

Table legend: (Time is in decaauts)
 A = Elapsed time spent in this place.
 B = Non-inter-level travel time spent in this place.
 C = Inter-level travel time spent in this place.
 D = Time resting spent in this place.
 E = Time spent auto-exploring this place.
 F = Levels seen in this place.
 G = Mean time per level.
                   A        B        C        D        E       F      G
               +--------+--------+--------+--------+--------+-----+--------+
         Total |   2182 |   2083 |     99 |    241 |   1477 |   3 |  727.3 |
       Dungeon |   2182 |   2083 |     99 |    241 |   1477 |   3 |  727.3 |
               +--------+--------+--------+--------+--------+-----+--------+

Top non-repeatable levels by time:
     D:1: 1193 daAuts
     D:2: 915 daAuts
     D:3: 73 daAuts
